 Dungeon Crawl Stone Soup version 0.29.0-7-g18a832c13a (webtiles) character file.

Game seed: 11931815664363834742

107 ProzacElf the Sneak (level 5, -2/28 HPs)
             Began as a Kobold Necromancer on Aug 30, 2022.
             Was a Follower of Trog.
             Slain by Sigmund
             ... wielding a +0 scythe
              (9 damage)
             ... on level 3 of the Dungeon.
             The game lasted 00:07:08 (3521 turns).

ProzacElf the Sneak (Kobold Necromancer)            Turns: 3521, Time: 00:07:08

Health: -2/28      AC:  5    Str:  7    XL:     5   Next: 11%
Magic:  8/8        EV: 12    Int: 16    God:    Trog [*.....]
Gold:   72         SH:  0    Dex: 16    Spells: 8/9 levels left

rFire   . . .      SeeInvis .   a - +2 flail (vorpal)
rCold   . . .      Faith    .   (no shield)
rNeg    . . .      Spirit   .   h - +0 ring mail
rPois   .          Reflect  .   (no helmet)
rElec   .          Harm     .   (no cloak)
rCorr   .          Rampage  .   (no gloves)
Will    .....                   (no boots)
Stlth   +++.......              (no amulet)
HPRegen 0.09/turn               (no ring)
MPRegen 0.11/turn               (no ring)

@: brilliant, on berserk cooldown, slowed, very slow
A: small, no large weapons, nightstalker 3
a: Renounce Religion, Berserk


You were on level 3 of the Dungeon.
You worshipped Trog.
Trog was aware of your devotion.
You visited 1 branch of the dungeon, and saw 3 of its levels.

You collected 72 gold pieces.

Inventory:

Hand Weapons
 a - a +2 vorpal flail (weapon)
 b - a +0 dagger
 c - a +0 short sword
 r - a +0 flail
 w - a +0 sling
Armour
 d - a +0 leather armour
 h - a +0 ring mail (worn)
 k - a +0 scale mail
 o - a +0 robe
Scrolls
 g - a scroll of teleportation {unknown}
 i - 2 scrolls of fog {unknown}
 j - 2 scrolls of identify {unknown}
 l - a scroll of poison {unknown}
 n - a scroll of enchant armour {unknown}
 t - a scroll of immolation {unknown}
 v - a scroll of acquirement {unknown}
 x - a scroll of silence {unknown}
Potions
 f - a potion of haste {unknown}
 m - a potion of curing {unknown}
 p - a potion of magic
 q - a potion of lignification {unknown}
 s - a potion of heal wounds {unknown}
 u - a potion of berserk rage {unknown}


   Skills:
 - Level 2.4 Short Blades
 + Level 1.0 Maces & Flails
 + Level 3.2 Dodging
 - Level 5.0 Stealth
 - Level 2.5 Spellcasting
 - Level 4.0 Necromancy


You had 8 spell levels left.
You knew the following spells:

 Your Spells              Type           Power      Damage    Failure   Level
a - Necrotise             Necr           88%        1d8       14%         1

Your spell library contained the following spells:

 Spells                   Type           Power      Damage    Failure   Level
 Vampiric Draining        Necr           22%        2d7       38%         3
 Animate Dead             Necr           22%        N/A       80%         4
 Agony                    Necr           22%        N/A       98%         5


Dungeon Overview and Level Annotations

Branches:
Dungeon (3/15)

Altars:
Trog

Shops:
D:2 [

Annotations:
D:3 Sigmund


Innate Abilities, Weirdness & Mutations

You are small and have problems with some larger weapons.
You are completely attuned to the shadows.


Message History

Nay qui'er actions avail'ble fer cyclin'.
Use [Q] ta select from all actions.
Nay qui'er actions avail'ble fer cyclin'.
Use [Q] ta select from all actions.
a - a +2 vorpal flail (weapon)
A red film seems ta co'er yer vision as ye go berserk!
Ye feel yerself movin' faster!
Ye feel mighty!
Ye now haf 42/42hp.
Ye feel a strong urge ta attack somethin'.
Sigmund points at ye an' mumbles some strange words.
Ye be confused.
Ye feel yer anger nearly subside.
Sigmund casts a spell at ye.
Ye be more confused.
Ye bump inta tha rock wall.
Ye be nay longer berserk.
Ye be 'shausted.
Ye feel yerself slow down.
Sigmund casts a spell at ye.
Ye resist wit' some effort.
Ye now haf 28/28 hp.
Unknown command.
Ye bump inta tha rock wall.
Sigmund points at ye an' mumbles some strange words.
Tha magic dart hits ye!
Ye take 7 damage, an' haf 21/28 hp.
MASSIVE DAMAGE!!
Sigmund laughs darkly.
Sigmund mumbles some strange words.
Sigmund flickers an' vanishes!
Deactivatin' autopickup; reactivate wit' Ctrl-A.
Somethin' completely misses ye.
Ye miss somethin'.
Yer punch misses somethin'.
Somethin' hits ye. x2
Ye take 6 damage, an' haf 15/28 hp.
MASSIVE DAMAGE!!
Ye completely miss somethin'.
Ye feel less confused.
Somethin' hits ye!
* * * LOW HITPOINT WARNIN'
* * * Ye take 8 damage, an' haf 7/28 hp.
MASSIVE DAMAGE!!
It was a potion o' brilliance.
Ye feel cle'er all o' a sudd'n.
Somethin' hits ye!
Ye die...

..# #.# ####
#.####### #..
........## #.#
#.####...###.##
#.# #.....#...#
.# #.#
##...##...####.##
..#
#..#........#..#
#..........@#..#
##.#.......{...#
#+###...##......
#...#.......
####........
#....#...


There were no monsters in sight!

Vanquished Creatures
  2 adders (D:2)
  3 gnolls (D:2)
  2 worms (D:2)
  4 endoplasms
  2 giant cockroaches (D:1)
  8 goblins
  2 hobgoblins (D:1)
  6 jackals
  5 kobolds
  8 ball pythons
  6 bats
  A frilled lizard (D:1)
  2 rats (D:1)
51 creatures vanquished.

Notes
Turn   | Place    | Note
-------+----------+-------------------------------------------
     0 | D:1      | ProzacElf the Kobold Necromancer began the quest for the
                  | Orb.
     0 | D:1      | Reached XP level 1. HP: 10/10 MP: 3/3
   193 | D:1      | Reached skill level 3 in Stealth
   244 | D:1      | Reached XP level 2. HP: 14/15 MP: 5/5
   384 | D:1      | Reached skill level 4 in Stealth
   725 | D:1      | Reached XP level 3. HP: 19/19 MP: 4/6
   849 | D:1      | Found a faded altar of an unknown god.
   857 | D:1      | Prayed at the altar of an unknown god.
   857 | D:1      | Became a worshipper of Trog the Wrathful
   857 | D:1      | Reached * piety under Trog
   999 | D:2      | Reached skill level 1 in Short Blades
  1792 | D:2      | Found Baig's Antique Armour Emporium.
  1807 | D:2      | Reached skill level 5 in Stealth
  1807 | D:2      | Reached XP level 4. HP: 24/24 MP: 7/7
  2474 | D:2      | Reached skill level 1 in Maces & Flails
  2474 | D:2      | Reached XP level 5. HP: 4/28 MP: 8/8
  3507 | D:3      | Noticed Sigmund
  3521 | D:3      | Slain by Sigmund

Illustrated notes

Levels and vault maps discovered:
D:1:      minmay_arrival_semitransparent, layout_basic,
          dreamdust_ecumenical_altar_sealed_demon
D:2:      layout_basic, serial_shops, nicolae_shop_behind_doors
D:3:      layout_loops_corners, mainiacjoe_overflow_alcove_2,
          mainiacjoe_overflow_brackets, uniq_jessica, uniq_grinder, uniq_sigmund

Skill      XL: |  1  2  3  4 |
---------------+-------------+-----
Stealth        | 3 4 5 |  5.0
Short Blades   | 2 |  2.4
Dodging        | 3 |  3.2
Maces & Flails | 1 |  1.0
Spellcasting   | |  2.5
Necromancy     | |  4.0

Action                   |  1- 3 |  4- 6 || total
-------------------------+-------+-------++-------
Melee: Short sword       |    69 |    45 ||   114
       Unarmed           |     1 |       ||     1
       Flail             |       |    21 ||    21
       Punch             |       |     1 ||     1
       Dagger            |       |     1 ||     1
 Cast: Necrotise         |    14 |       ||    14
Invok: Berserk           |     2 |     2 ||     4
  Use: Potion            |       |     1 ||     1
 Stab: Sleeping          |    16 |     7 ||    23
Armor: Robe              |     8 |       ||     8
       Ring mail         |     5 |    19 ||    24
       Leather armour    |     2 |       ||     2
Dodge: Dodged            |    42 |    46 ||    88
